Map: Incorporeal LE

Players

GABEN

  • Race: Terran Terran
  • League: Master
  • Spawn Location: 5:00

ManlyManMeat - Winner!

  • Race: Zerg Zerg
  • League: Diamond
  • Spawn Location: 11:00

VOD

Have the link to the VOD?

Description

Time

  • Played on: July 3, 2025, 7:28 a.m.
  • Length: 14:26
Show
View Real Time Build Order
Export as new Build Order

GABEN Terran 

Build Orders: Reaper Expand 

Get SALT Encoding   

  12  0:01  SCV  
  13  0:14  SCV  
  14  0:17  Supply Depot  
  14  0:26  SCV  
  15  0:39  SCV  
  15  0:40  Barracks  
  16  0:46  Refinery  
  16  0:51  SCV  
  17  1:03  SCV  
  18  1:15  SCV  
  19  1:31  Command Center  
  19  1:37  Reaper  
  20  1:41  Supply Depot  
  20  1:42  SCV  
  21  1:49  Refinery  
  21  1:54  SCV  
  22  2:06  Factory  
  22  2:08  SCV  
  23  2:19  Barracks Reactor  
  23  2:25  Orbital Command  
  23  2:34  Supply Depot  
  23  2:46  Orbital Command  
  23  2:50  SCV  
  24  3:11  Hellion  
  24  3:12  Hellion  
  26  3:33  Hellion, SCV  
  29  3:45  SCV x2  
  31  3:48  Starport  
  31  3:57  SCV x2  
  32  4:04  Hellion x2  
  32  4:09  SCV  
  37  4:15  Factory  
  37  4:17  Factory  
  37  4:19  SCV  
  37  4:21  SCV  
  39  4:24  Supply Depot  
  39  4:25  Hellion  
  39  4:31  Liberator  
  44  4:43  Hellion  
  46  4:49  SCV x2  
  48  5:01  SCV  
  45  5:17  Factory Tech Lab x2  
  45  5:18  Hellion x2, Marine  
  48  5:26  SCV  
  48  5:27  SCV  
  50  5:34  Viking  
  52  5:36  Marine  
  52  5:39  Hellion, Command Center, Armory  
  55  5:43  Factory  
  55  5:49  Refinery  
  54  6:02  SCV x2  
  56  6:14  SCV x2  
  52  6:35  SCV x2  
  54  6:41  Refinery  
  54  6:43  Factory Tech Lab  
  54  6:44  Cyclone x2  
  60  6:47  SCV x2  
  60  6:52  Factory  
  60  6:53  Hellion x2  
  63  6:59  Orbital Command, SCV  
  63  7:00  SCV  
  65  7:01  Terran Vehicle Weapons Level 1  
  65  7:04  Armory  
  65  7:07  Factory  
  65  7:10  Factory  
  65  7:12  SCV  
  65  7:32  Orbital Command  
  65  7:34  Cyclone x3  
  65  7:35  Hellion x2  
  77  7:37  Factory Tech Lab  
  77  7:38  Starport Reactor  
  64  7:54  SCV x2  
  59  8:05  SCV  
  58  8:06  SCV  
  58  8:07  SCV  
  60  8:16  Cyclone  
  60  8:17  Cyclone x3, SCV, Hellion  
  60  8:18  Hellion  
  77  8:31  Factory Tech Lab  
  77  8:43  Infernal Pre-Igniter  
  77  8:57  SCV x2  
  76  9:09  SCV  
  66  9:12  Orbital Command  
  66  9:16  Hellion x7  
  66  9:17  Hellion  
  64  9:34  SCV  
  64  9:37  Hellion  
  72  9:40  Hellion  
  46  10:03  Hellion x2  
  46  10:04  Hellion x2  
  44  10:11  SCV x2  
  42  10:23  SCV  
  35  10:32  Orbital Command  
  13  12:17  SCV  
Show
View Real Time Build Order
Export as new Build Order

ManlyManMeat Zerg - Winner!

Build Orders: Hatch First 

Get SALT Encoding   

  12  0:00  Drone  
  13  0:08  Drone  
  14  0:14  Extractor  
  14  0:16  Drone  
  15  0:22  Overlord  
  15  0:41  Drone  
  16  0:47  Hatchery  
  16  0:49  Drone  
  16  0:54  Drone  
  17  0:57  Drone  
  18  1:10  Extractor  
  17  1:13  Spawning Pool  
  17  1:16  Drone  
  17  1:19  Drone  
  18  1:30  Drone  
  19  1:38  Drone  
  20  1:59  Queen x2  
  20  2:00  Zergling x4  
  26  2:03  Overlord  
  26  2:12  Metabolic Boost  
  26  2:15  Drone x2  
  27  2:21  Overlord  
  28  2:29  Zergling x2  
  29  2:42  Queen  
  31  2:46  Hatchery  
  31  2:49  Drone  
  32  2:51  Drone  
  32  2:54  Drone  
  33  3:09  Drone x4  
  36  3:28  Drone x2  
  36  3:29  Drone x2  
  39  3:36  Queen  
  39  3:37  Queen  
  39  3:39  Overlord x3  
  43  3:47  Drone  
  44  3:51  Extractor  
  44  3:52  Overlord x2  
  43  4:07  Queen  
  45  4:10  Drone x3  
  45  4:11  Drone x3  
  51  4:24  Queen  
  51  4:28  Drone x5  
  51  4:29  Drone  
  59  4:32  Baneling Nest  
  59  4:35  Drone x2, Evolution Chamber  
  58  4:56  Lair  
  56  5:00  Drone x4  
  56  5:01  Extractor  
  56  5:04  Zergling x4  
  56  5:05  Zergling x4, Drone  
  57  5:18  Zergling x18  
  66  5:25  Zerg Melee Weapons Level 1  
  66  5:38  Hatchery  
  66  5:42  Drone  
  66  5:43  Drone x7  
  72  5:52  Baneling x6  
  72  5:53  Baneling x6  
  69  6:00  Zergling x12  
  75  6:09  Spore Crawler x2  
  75  6:10  Drone, Spore Crawler  
  73  6:24  Centrifugal Hooks  
  60  6:41  Zergling x8  
  60  6:42  Zergling x2  
  65  6:50  Drone x7  
  65  6:52  Drone x5  
  77  6:55  Zergling x4  
  79  7:07  Overlord x2  
  79  7:08  Overlord  
  79  7:19  Zerg Melee Weapons Level 2  
  79  7:25  Drone x5  
  79  7:27  Hatchery, Evolution Chamber  
  82  7:35  Zergling x14  
  76  8:03  Zergling x24  
  87  8:08  Zergling x12  
  87  8:12  Infestation Pit  
  92  8:13  Baneling x9  
  92  8:34  Zergling x8  
  92  8:35  Zergling x12  
  96  9:03  Zergling x10  
  96  9:04  Zergling x14  
  104  9:13  Zergling x12  
  104  9:14  Overlord x4  
  103  9:24  Zergling x2  
  104  9:32  Overlord x4  
  104  9:33  Zergling x2  
  73  9:54  Zergling x14  
  72  10:00  Zergling x2  
  72  10:01  Zergling x2  
  66  10:17  Zergling x12  
  66  10:19  Baneling x2  
  66  10:26  Zergling x4  
  63  10:39  Baneling  
  63  10:40  Baneling, Queen  
  38  10:54  Zergling x6  
  40  11:02  Zergling x2  
  35  11:15  Queen  
  35  11:16  Baneling x4  
  26  11:27  Hatchery  
  26  11:29  Zergling x4  
  13  11:43  Hatchery  
  13  11:44  Zergling x10  
  17  11:51  Queen  
  15  12:05  Zergling x4  
  9  12:50  Drone x2  
  11  12:57  Baneling  
  11  13:28  Baneling x2  
  11  13:42  Baneling  
Tags
 
Add a new tag
Caveats
  • Supply blocks, unpowered buildings, or Contaminate may cause inaccurate times.
  • Supply counts are checked every 10 seconds.